 Dungeon Crawl Stone Soup version 0.27.0-65-ge2af304b15 (webtiles) character file.

Game seed: 10083729155635471762

795 Malachi the Chopper (level 7, -4/55 HPs)
             Began as a Demonspawn Berserker on Aug 17, 2021.
             Was an Elder of Trog.
             Slain by a gnoll (15 damage)
             ... on level 5 of the Dungeon.
             The game lasted 00:05:14 (5263 turns).

Malachi the Chopper (Demonspawn Berserker)          Turns: 5263, Time: 00:05:15

Health: -4/55      AC:  2    Str: 19    XL:     7   Next: 58%
Magic:  7/7        EV: 12    Int:  8    God:    Trog [****..]
Gold:   69         SH:  0    Dex: 13    Spells: 6/6 levels left

rFire    . . .     SeeInvis .   a - +1 hand axe
rCold    . . .     Faith    .   (no shield)
rNeg     . . .     Spirit   .   b - +0 animal skin
rPois    .         Reflect  .   (no helmet)
rElec    .         Harm     .   (no cloak)
rCorr    .         Rampage  .   (no gloves)
Will     .....                  (no boots)
Stlth    ++........             (no amulet)
HPRegen  0.18/turn              (no ring)
MPRegen  0.10/turn              (no ring)

@: mighty, on berserk cooldown, hasted and slowed
A: talons 2, spiny 1
a: Renounce Religion, Berserk, Trog's Hand, Brothers in Arms


You were on level 5 of the Dungeon.
You worshipped Trog.
Trog was greatly pleased with you.
You visited 1 branch of the dungeon, and saw 6 of its levels.

You collected 69 gold pieces.

Inventory:

Hand Weapons
 a - a +1 hand axe (weapon)
Armour
 b - a +0 animal skin (worn)
Jewellery
 f - a ring of ice
 n - an amulet of guardian spirit
Wands
 m - a wand of iceblast (6)
Scrolls
 g - 2 scrolls of enchant weapon
 j - 3 scrolls of teleportation
Potions
 d - 2 potions of cancellation
 e - a potion of haste
 h - a potion of brilliance {unknown}
 i - a potion of curing {unknown}
 k - a potion of lignification {unknown}
 l - a potion of mutation {unknown}


   Skills:
 + Level 4.6 Fighting
 * Level 6.8 Axes
 + Level 2.0 Armour
 + Level 2.8 Dodging
 + Level 2.2 Stealth


You had 6 spell levels left.
You didn't know any spells.
Your spell library was empty.

Dungeon Overview and Level Annotations

Branches:
Dungeon (6/15)
 Temple: D:4-7

Altars:
Hepliaklqana
Nemelex Xobeh
The Shining One

Shops:
D:2 *

Annotations:
D:5 1 runed translucent door, Crazy Yiuf


Innate Abilities, Weirdness & Mutations

You have razor-sharp toenails.
You are partially covered in sharp spines.


Message History

The gnoll shaman closely misses you.
You closely miss the gnoll shaman. You claw the gnoll shaman.
The gnoll shaman is heavily wounded.
The gnoll shaman hits you with a +0 whip!
* * * LOW HITPOINT WARNING * * *
You hit the gnoll shaman but do no damage.
The gnoll shaman is heavily wounded.
A gnoll comes into view.
It is wielding a +1 halberd of venom and quivering poisoned darts.
The gnoll shaman calls upon its god to speed up the gnoll.
The gnoll seems to speed up.
The gnoll shaman calls upon its god to speed up the gnoll.
The gnoll seems to speed up.
The gnoll shouts!
You feel very mighty all of a sudden.
The gnoll shaman hits you with a +0 whip.
* * * LOW HITPOINT WARNING * * *
A gnoll comes into view. It is wielding a +0 whip.
You slash the gnoll shaman! You claw the gnoll shaman.
You kill the gnoll shaman!
Trog accepts your kill. The gnoll is struck by your spines.
The gnoll barely misses you.
You slash the gnoll! Your kick misses the gnoll.
The gnoll is almost dead.
The gnoll is struck by your spines.
You kill the gnoll!
Trog accepts your kill. The gnoll is struck by your spines.
You kill the gnoll!
Trog accepts your kill.
Unknown command.
It was a potion of haste.
You feel yourself speed up. The gnoll barely misses you.
You slash the gnoll!
The gnoll is heavily wounded.
The gnoll hits you but does no damage. The gnoll completely misses you.
You hit the gnoll. You claw the gnoll.
You kill the gnoll!
Trog accepts your kill.
The gnoll hits you from afar with a +1 halberd of venom!
You die...

......#
#......
<....>#
#....+
......#
#....+
......#
#....#
#######
+...>+ #
##....# #
#....g# #
#†###)# #
#.###@# #
##.#...#
#
...#.###
# ##.##.#
# #...#.#
# #.g.#.#
# #...#.#
# #...#.#
#
###.....#


You could see a gnoll.

Vanquished Creatures
  A steam dragon (D:4)
  An ogre (D:4)
  A wyvern zombie (D:5)
  A water moccasin skeleton (D:4)
  An orc priest (D:3)
  A gnoll shaman (D:5)
  A centaur skeleton (D:5)
  A hound (D:5)
  Terence (D:2)
  2 orc wizards (D:4)
  8 gnolls
  9 adders
  A white imp (D:5)
  2 adder skeletons (D:4)
  2 worms
  2 dart slugs (D:1)
  9 orcs
  13 ball pythons
  7 endoplasms
  5 giant cockroaches
  4 goblins
  9 hobgoblins
  8 jackals
  8 kobolds
  4 quokkas
  7 bats
  7 frilled lizards
  A jackal skeleton (D:4)
  6 rats
123 creatures vanquished.

Notes
Turn   | Place    | Note
-------+----------+-------------------------------------------
     0 | D:1      | Malachi the Demonspawn Berserker began the quest for the
                  | Orb.
     0 | D:1      | Reached XP level 1. HP: 18/18 MP: 1/1
   162 | D:1      | Reached skill level 3 in Axes
   162 | D:1      | Gained mutation: You are partially covered in sharp spines.
                  | [demonic ancestry]
   162 | D:1      | Reached XP level 2. HP: 19/24 MP: 2/2
   734 | D:1      | Reached XP level 3. HP: 29/29 MP: 3/3
  1121 | D:1      | Found a faded altar of an unknown god.
  1523 | D:2      | Found Bevi's Assorted Antiques.
  1753 | D:2      | Reached ** piety under Trog
  2033 | D:2      | Noticed Terence
  2043 | D:2      | Killed Terence
  2044 | D:2      | Gained mutation: You have sharp toenails. [demonic
                  | ancestry]
  2044 | D:2      | Reached XP level 4. HP: 27/37 MP: 4/4
  2314 | D:2      | Reached skill level 4 in Axes
  2469 | D:2      | Found a hazy altar of Hepliaklqana.
  2732 | D:3      | You fall into a shaft and drop 3 floors!
  2761 | D:5      | Entered Level 5 of the Dungeon
  2780 | D:5      | Found a runed translucent door.
  2781 | D:5      | Noticed Crazy Yiuf
  2815 | D:5      | Reached skill level 1 in Stealth
  2815 | D:5      | Reached XP level 5. HP: 33/42 MP: 5/5
  3243 | D:3      | Reached skill level 5 in Axes
  3317 | D:3      | Reached *** piety under Trog
  3318 | D:3      | Gained mutation: You have razor-sharp toenails. [demonic
                  | ancestry]
  3318 | D:3      | Reached XP level 6. HP: 48/48 MP: 6/6
  4082 | D:4      | Found a sparkling altar of Nemelex Xobeh.
  4251 | D:4      | Noticed a steam dragon
  4261 | D:4      | Killed a steam dragon
  4262 | D:4      | Reached skill level 6 in Axes
  4262 | D:4      | Reached XP level 7. HP: 38/55 MP: 7/7
  5233 | D:5      | Reached **** piety under Trog
  5263 | D:5      | Slain by a gnoll

Illustrated notes

Levels and vault maps discovered:
D:1:      roderic_lyre, layout_loops_ring,
          hellmonk_ecumenical_altar_heavens_door, st_stairs_11
D:2:      layout_basic, basic_altar, serial_shops, shop, uniq_terence
D:3:      layout_loops_ring
D:4:      minmay_thick_lines, layout_cave_pools, lemuel_tele_altar, tso_altar
D:5:      layout_basic, uniq_crazy_yiuf_cottage
D:6:      layout_cave_pools, mainiacjoe_overflow_six_doors_small,
          overflow_temple_1_default, nicolae_overflow_hidden_temple,
          serial_shops, nicolae_shop_overgrown_old_shop, minmay_misc_feat_doors

Skill      XL: |  1  2  3  4  5  6  7 |
---------------+----------------------+-----
Axes           | 3 4 5 6 |  6.8
Armour         | 2 |  2.0
Dodging        | 2 |  2.8
Stealth        | 1 2 |  2.2
Fighting       | 4 |  4.6

Action                   |  1- 3 |  4- 6 |  7- 9 || total
-------------------------+-------+-------+-------++-------
Melee: Hand axe          |    75 |   109 |    43 ||   227
       Kick              |       |    23 |    13 ||    36
Invok: Berserk           |     6 |     3 |     2 ||    11
  Use: Scroll            |     3 |     3 |       ||     6
       Potion            |       |       |     2 ||     2
 Stab: Sleeping          |     3 |     2 |       ||     5
Armor: Animal skin       |    14 |    12 |     5 ||    31
Dodge: Dodged            |    49 |    57 |    26 ||   132
